 Dungeon Crawl Stone Soup version 0.15.2 (webtiles) character file.

7177 Zugr the Transmogrifier (level 11, -7/103 HPs)
             Began as a Naga Transmuter on Mar 23, 2015.
             Shot with an arrow of flame by a centaur (11 damage)
             ... on Level 10 of the Dungeon.
             The game lasted 01:22:45 (14797 turns).

Zugr the Transmogrifier (Naga Transmuter)          Turns: 14797, Time: 01:22:45

HP  -7/103       AC  2     Str 10      XL: 11   Next: 11%
MP  16/17        EV 19     Int 21      God:
Gold 293         SH  0     Dex 16      Spells:  3 memorised,  5 levels left

rFire  . . .     SeeInvis +       - Unarmed
rCold  . . .     Clarity  .     B - melded +1 leather armour {rF+}
rNeg   + . .     rCorr    .     (shield currently unavailable)
rPois  x         rRot     .     (helmet currently unavailable)
rElec  .         Spirit   .     (cloak currently unavailable)
SustAb .         Warding  +     J - melded +0 pair of gloves
rMut   .         Stasis   .     (no barding)
Gourm  .                        M - cursed amulet of warding
MR     +....                    G - ring of wizardry
                                K - +3 ring of intelligence

@: spider-form (expiring), very slightly contaminated, invisible, somewhat
resistant to hostile enchantments, very unstealthy
A: spit poison, (slimy green scales 0), see invisible, (deformed body), (poison
resistance), (slowness 0), weak 1, AC +3
a: Spit Poison, End Transformation


You were on level 10 of the Dungeon.
You were not hungry.
You were in spider-form.
You visited 2 branches of the dungeon, and saw 11 of its levels.

You collected 548 gold pieces.
You spent 255 gold pieces at shops.

Inventory:

Missiles
 b - 77 arrows
 e - 3 tomahawks (quivered)
 v - 6 poisoned needles
 F - 21 arrows of frost
Armour
 c - a +0 robe
 r - a +2 robe of fire resistance
 B - a +1 leather armour of fire resistance (melded)
 J - a +0 pair of gloves (melded)
Magical devices
 i - a wand of fire (11)
 D - a wand of magic darts (6)
 H - a wand of frost (7)
 N - a wand of paralysis (13)
Comestibles
 a - 3 fruits
 h - a chunk of porcupine flesh
 o - 4 meat rations
 p - 9 slices of pizza
 z - a bread ration
Scrolls
 f - 2 scrolls of blinking {unknown}
 j - a scroll of noise {unknown}
 l - a scroll of fear {unknown}
 n - 2 scrolls of remove curse
 x - 2 scrolls of amnesia {unknown}
 C - 2 scrolls of recharging {unknown}
 P - 2 scrolls of enchant weapon {unknown}
Jewellery
 u - an uncursed ring of magical power
 E - an uncursed ring of stealth
 G - a ring of wizardry (right front leg)
 K - a +3 ring of intelligence (left front leg)
 M - a cursed amulet of warding (around neck)
Potions
 g - a potion of restore abilities {unknown}
 m - a potion of lignification
 s - a potion of berserk rage
 t - a potion of magic {unknown}
 w - 2 potions of confusion
 A - a potion of cancellation {unknown}
Books
 d - a book of Changes

   Spells                             Type                      Level
   *Beastly Appendage                 Transmutation                1
   Sticks to Snakes                   Transmutation                2
   *Spider Form                       Transmutation/Poison         3
   Ice Form                           Ice/Transmutation            4
   *Blade Hands                       Transmutation                5
 I - a book of Alchemy

   Spells                             Type                      Level
   Sublimation of Blood               Necromancy                   2
   Alistair's Intoxication            Transmutation/Poison         4
   Condensation Shield                Ice                          4
   Petrify                            Transmutation/Earth          4
   Ignite Poison                      Fire/Transmutation           5
Miscellaneous
 O - a lamp of fire


   Skills:
 + Level 8.2 Fighting
 - Level 1.5 Dodging
 + Level 9.6 Unarmed Combat
 - Level 2.0 Spellcasting
 - Level 11.6 Transmutations


You had 5 spell levels left.
You knew the following spells:

 Your Spells              Type           Power        Failure   Level  Hunger
a - Beastly Appendage     Trmt           ######       1%          1    #......
b - Spider Form           Trmt/Pois      ####......   6%          3    ###....
c - Blade Hands           Trmt           ######....   4%          5    ######.


Dungeon Overview and Level Annotations

Branches:
Dungeon (10/15)            Temple (1/1) D:4             Orc (0/4) D:10
   Lair (0/8) D:10

Altars:
Ashenzari
Cheibriados
Dithmenos
Elyvilon
Fedhas
Kikubaaqudgha
Makhleb
Nemelex Xobeh
Okawaru
Qazlal
Sif Muna
Trog
Vehumet
Xom
Yredelemnul
Zin
The Shining One

Shops:
D:4 !   D:5 *?   D:7 *


Innate Abilities, Weirdness & Mutations

You cannot wear boots.
You can spit poison.
((Your serpentine skin is tough (AC +3).))
You have supernaturally acute eyesight.
((Armour fits poorly on your strangely shaped body.))
((Your system is resistant to poisons.))
((You cover ground very slowly.))
((You are partially covered in slimy green scales (AC +2).))
You are weak. (Str -2)


Message History

The unseen horror misses you. The unseen horror closely misses you.
The unseen horror closely misses you. The unseen horror hits you!
* * * LOW HITPOINT WARNING * * *
You kill the unseen horror!
Your Fighting skill increases to level 8!
A yak comes into view.
A crocodile comes into view.
The crocodile moves out of view.
A yak comes into view.
Your transformation is almost over.
The centaur shoots an arrow of flame.
The centaur shoots an arrow of flame.
The arrow of flame completely misses you.
Found a staircase to the Lair.
There is a stone staircase leading down here.
The yak bellows!
The centaur shoots an arrow of flame.
The arrow of flame hits you!
You die...

#.# #.........(.....≈≈≈
#(##### #########.####.#≈≈≈
#.c..c# ##########(# #.#≈≈≈
#####.# #..........# #.#≈≈≈
#.# #.########## #..≈≈≈
##.###.# #(.≈≈≈
####..c##.####### #(#≈≈≈
#....#..........## #.#≈≈≈
#.##...#...s(....# #.#≈≈≈
#.###.##...♣Y♣....P# #.# #.
#.# #.###.......... #.# .
#.# #..YY...P...... #.#
#)###.#.P.....♣♣... #%#
#(....#.....P......:..%.....
#).####YPYt...♣.YP......####
#..# .......>.....Y.... #...
. P .....P.##


You could see 5 yaks, a crocodile (wandering) and a centaur.

Vanquished Creatures
  An unseen horror (D:10)
  Erolcha (D:10)
  A hill giant (D:9)
  A troll (D:9)
  A two-headed ogre (D:10)
  The ghost of trelanon the Ruffian, an average VSTm (D:4)
  5 yaks (D:10)
  A wyvern (D:9)
  A deep elf fighter (D:8)
  3 hungry ghosts
  A soldier ant (D:7)
  Edmund (D:9)
  3 orc warriors
  A water moccasin (D:7)
  3 porcupines (D:10)
  An ice beast (D:10)
  2 sky beasts
  2 black bears (D:7)
  4 ogres
  5 centaurs
  A giant frog (D:7)
  2 crocodiles (D:10)
  A scorpion (D:6)
  4 wights (D:9)
  An electric eel (D:7)
  2 crimson imps
  5 orc priests
  2 giant frog skeletons
  7 hounds
  2 iguanas (D:7)
  9 orc wizards
  Natasha (twice) (D:3)
  6 worker ants
  A killer bee zombie (D:5)
  Jessica (D:3)
  2 worker ant zombies
  14 adders
  2 green rats (D:10)
  A giant mite (D:4)
  An adder skeleton (D:4)
  A gnoll zombie (D:5)
  A giant gecko (D:9)
  3 oozes
  33 orcs
  17 bats
  4 giant cockroaches
  12 hobgoblins
  12 jackals
  3 quokkas
  A ball python (D:4)
  11 giant newts
  14 goblins
  A hobgoblin skeleton (D:5)
  A jackal skeleton (D:4)
  20 kobolds
  A kobold zombie (D:7)
  An orc skeleton (D:9)
  13 rats
  A ballistomycete (D:8)
255 creatures vanquished.

Vanquished Creatures (others)
  Natasha (D:3)
  A giant spore (D:8)
  A rat zombie (D:7)
  A fungus (D:10)
  A plant (D:10)
5 creatures vanquished.

Grand Total: 260 creatures vanquished

Notes
Turn   | Place    | Note
--------------------------------------------------------------
     0 | D:1      | Zugr, the Naga Transmuter, began the quest for the Orb.
     0 | D:1      | Reached XP level 1. HP: 18/18 MP: 3/3
   423 | D:1      | Reached XP level 2. HP: 12/25 MP: 2/4
  1752 | D:2      | Reached XP level 3. HP: 4/31 MP: 6/6
  2983 | D:2      | Reached skill level 4 in Transmutations
  2989 | D:2      | Learned a level 3 spell: Spider Form
  3148 | D:2      | Reached XP level 4. HP: 18/38 MP: 3/7
  4016 | D:3      | Noticed Natasha
  4036 | D:3      | Killed Natasha
  4237 | D:3      | Noticed Jessica
  4266 | D:3      | Killed Jessica
  4266 | D:3      | Reached skill level 5 in Transmutations
  4266 | D:3      | Reached XP level 5. HP: 44/44 MP: 5/9
  4465 | D:3      | Noticed Natasha
  4471 | D:3      | Killed Natasha
  4719 | D:3      | Noticed Natasha
  4741 | D:3      | Killed Natasha
  5495 | D:4      | Reached skill level 6 in Transmutations
  5518 | D:4      | Reached XP level 6. HP: 47/51 MP: 10/10
  6004 | D:4      | Found Tryvi's Distillery.
  6009 | D:4      | Bought a potion of heal wounds for 36 gold pieces
  6009 | D:4      | Bought a potion of curing for 24 gold pieces
  6009 | D:4      | Bought a potion of heal wounds for 36 gold pieces
  6009 | D:4      | Bought a potion of curing for 24 gold pieces
  6009 | D:4      | Bought a potion of curing for 24 gold pieces
  6009 | D:4      | Bought a potion of heal wounds for 36 gold pieces
  6079 | D:4      | Reached skill level 7 in Transmutations
  6390 | D:4      | Noticed trelanon's ghost (average VSTm)
  6491 | D:4      | Found a staircase to the Ecumenical Temple.
  6507 | Temple   | Entered the Ecumenical Temple
  6705 | D:4      | Killed trelanon's ghost
  6705 | D:4      | Reached XP level 7. HP: 23/57 MP: 12/12
  6970 | D:5      | Entered Level 5 of the Dungeon
  7004 | D:5      | Found Ezueblec's Magic Scroll Shop.
  7019 | D:5      | Reached skill level 8 in Transmutations
  7148 | D:5      | Bought a scroll of teleportation for 36 gold pieces
  7882 | D:5      | Reached skill level 9 in Transmutations
  7882 | D:5      | Reached XP level 8. HP: 38/64 MP: 13/13
  8115 | D:5      | Found Laehuck's General Store.
  8119 | D:5      | Bought a potion of heal wounds for 39 gold pieces
  8884 | D:7      | Found Yblala's Assorted Antiques.
  9018 | D:7      | Reached skill level 10 in Transmutations
  9042 | D:7      | Learned a level 5 spell: Blade Hands
  9212 | D:7      | Got a brightly glowing chain mail
  9223 | D:7      | Identified the -5 chain mail of Subaiz {+Inv rN+} (You found it on level 7 of the Dungeon)
  9348 | D:7      | Reached XP level 9. HP: 21/70 MP: 14/14
  9667 | D:7      | Gained mutation: You are weak. (Str -2) [mutagenic glow]
  9711 | D:7      | Gained mutation: You are partially covered in slimy green scales (AC +2). [mutagenic glow]
  9787 | D:7      | Reached skill level 11 in Transmutations
 10309 | D:7      | Reached skill level 5 in Unarmed Combat
 11778 | D:9      | Noticed Edmund
 11790 | D:9      | Killed Edmund
 12375 | D:9      | Reached XP level 10. HP: 86/86 MP: 16/16
 12612 | D:10     | Entered Level 10 of the Dungeon
 12927 | D:9      | Noticed a hill giant
 12945 | D:9      | Killed a hill giant
 12945 | D:9      | Reached skill level 5 in Fighting
 13409 | D:9      | Found a shadowy altar of Dithmenos.
 13629 | D:10     | Noticed Erolcha
 13643 | D:10     | Killed Erolcha
 14030 | D:10     | Found a staircase to the Orcish Mines.
 14340 | D:10     | Noticed an unseen horror
 14745 | D:10     | Reached XP level 11. HP: 72/102 MP: 11/17
 14790 | D:10     | HP: 3/103 [unseen horror (10)]
 14791 | D:10     | Killed an unseen horror
 14796 | D:10     | Found a staircase to the Lair.
 14797 | D:10     | Shot with an arrow of flame by a centaur

Action                   |  1- 3 |  4- 6 |  7- 9 | 10-12 || total
-------------------------+-------+-------+-------+-------++-------
Melee: Unarmed           |   146 |   211 |   434 |   163 ||   954
Throw: Tomahawk          |     1 |     3 |     6 |       ||    10
 Cast: Beastly Appendage |    33 |     9 |       |       ||    42
       Spider Form       |     2 |    33 |    64 |    18 ||   117
       Blade Hands       |       |       |     2 |     6 ||     8
 Abil: Spit Poison       |       |       |     1 |     1 ||     2
Evoke: Wand              |       |       |     4 |       ||     4
  Use: Scroll            |     4 |     3 |     2 |     5 ||    14
       Potion            |       |     6 |     8 |     4 ||    18
 Stab: Sleeping          |       |     1 |     2 |       ||     3
  Eat: Chunk             |     5 |    12 |    20 |     1 ||    38
       Bread ration      |     1 |     1 |     1 |     3 ||     6
       Fruit             |       |     2 |       |       ||     2
       Royal jelly       |       |       |     1 |       ||     1
       Meat ration       |       |       |     1 |       ||     1
